 Dungeon Crawl Stone Soup version 0.27.1-3-gb3d3a73c9e (webtiles) character file.

Game seed: 4819854851674999952

568 CuBeRJAN3 the Firebug (level 7, -21/41 HPs)
             Began as a Gargoyle Fire Elementalist on Oct 8, 2021.
             Was an Initiate of Vehumet.
             Killed by an exploding ice beast (30 damage)
             ... ignited by their inner flame
             ... on level 5 of the Dungeon.
             The game lasted 00:19:00 (6199 turns).

CuBeRJAN3 the Firebug (Gargoyle Fire Elementalist)  Turns: 6199, Time: 00:19:00

Health: -21/41     AC:  7    Str: 11    XL:     7   Next: 33%
Magic:  1/12       EV: 11    Int: 18    God:    Vehumet [......]
Gold:   253        SH:  0    Dex: 10    Spells: 2/13 levels left

rFire    . . .     SeeInvis .   b - +0 hand axe
rCold    + . .     Faith    .   (no shield)
rNeg     + . .     Spirit   .   t - +1 robe {rC+}
rPois    ∞         Reflect  .   (no helmet)
rElec    +         Harm     .   (no cloak)
rCorr    .         Rampage  .   (no gloves)
Will     .....                  (no boots)
Stlth    ++........             (no amulet)
HPRegen  0.13/turn              (no ring)
MPRegen  0.13/turn              (no ring)

@: no status effects
A: sickness immunity, AC +4, negative energy resistance 1, electricity
resistance, torment resistance 1, petrification resistance
a: Renounce Religion


You were on level 5 of the Dungeon.
You worshipped Vehumet.
Vehumet was noncommittal.
You visited 1 branch of the dungeon, and saw 5 of its levels.

You collected 253 gold pieces.

Inventory:

Hand Weapons
 b - a +0 hand axe (weapon)
Missiles
 i - a throwing net
Armour
 t - a +1 robe of cold resistance (worn)
Scrolls
 c - a scroll of identify {unknown}
 h - a scroll of noise {unknown}
 j - 2 scrolls of teleportation
 k - a scroll of vulnerability {unknown}
 m - a scroll of holy word {unknown}
 p - a scroll of amnesia {unknown}
 r - a scroll of torment {unknown}
 s - a scroll of fear
Potions
 d - 3 potions of ambrosia {unknown}
 e - a potion of mutation {unknown}
 f - 2 potions of degeneration {unknown}
 g - a potion of resistance {unknown}
 l - 3 potions of brilliance {unknown}
 n - 2 potions of heal wounds {unknown}
 o - a potion of lignification {unknown}
 q - a potion of curing {unknown}


   Skills:
 * Level 3.5 Fighting
 + Level 1.7 Axes
 - Level 1.5 Dodging
 - Level 3.0 Stealth
 * Level 3.7 Spellcasting
 + Level 2.9 Conjurations
 + Level 1.9 Hexes
 + Level 1.8 Translocations
 + Level 3.8 Fire Magic


You had 2 spell levels left.
You knew the following spells:

 Your Spells              Type           Power      Damage    Failure   Level
a - Foxfire               Conj/Fire      60%        2x1d7     3%          1
b - Conjure Flame         Conj/Fire      15%        6-21      12%         3
c - Inner Flame           Hex/Fire       13%        N/A       14%         3
d - Sticky Flame          Conj/Fire      15%        2d4       36%         4

Your spell library contained the following spells:

 Spells                   Type           Power      Damage    Failure   Level
 Beastly Appendage        Tmut           6%         N/A       16%         1
 Corpse Rot               Necr/Air       N/A        N/A       22%         2
 Poisonous Vapours        Pois/Air       6%         N/A       22%         2
 Wereblood                Tmut           3%         N/A       22%         2
 Spider Form              Tmut/Pois      1%         N/A       41%         3
 Fireball                 Conj/Fire      7%         3d5       71%         5
 Freezing Cloud           Conj/Ice/Air   3%         6-21      96%         5


Dungeon Overview and Level Annotations

Branches:
Dungeon (5/15)
 Temple: D:4-7

Altars:
Cheibriados
Gozag
Kikubaaqudgha
Vehumet

Annotations:
D:3 Sigmund
D:5 1 runed translucent door, exclusion: door, Pikel; jeko's ghost, amateur HOMo


Innate Abilities, Weirdness & Mutations

You are immune to sickness and miasma.
Your stone body is resilient. (AC +4)
You are immune to poison.
You resist negative energy. (rN+)
You are resistant to electric shocks. (rElec)
You are resistant to unholy torment.
You are immune to petrification.


Message History

Casting: Inner Flame (dangerous; 14% risk of failure)
Confirm with . or Enter, or press ? or * to list all spells.
You don't know that spell.
Unknown command.
Casting: Inner Flame (dangerous; 14% risk of failure)
Confirm with . or Enter, or press ? or * to list all spells.
Aiming: Inner Flame (dangerous; 14% risk of failure)
Press: ? - help, Shift-Dir - straight line, f/p - ice beast
Aim: an ice beast (chance to affect: 67%)
The ice beast is filled with an inner flame.
Casting: Foxfire (safe; 3% risk of failure)
Press: ? - help, Q - select action, (/) - cycle Dir - look around, f - activate You conjure some foxfire!
Casting: Foxfire (safe; 3% risk of failure)
Press: ? - help, Q - select action, (/) - cycle Dir - look around, f - activate You conjure some foxfire!
The foxfire hits the ice beast but does no damage.
The foxfire hits the ice beast.
The ice beast melts!
Flame seeps out of the ice beast.
The ice beast is moderately wounded.
The foxfire hits the ice beast but does no damage.
The ice beast is moderately wounded.
The ice beast hits you. The ice beast freezes you! You resist.
Your magical contamination has completely faded away.
Casting: Foxfire (safe; 3% risk of failure)
Press: ? - help, Q - select action, (/) - cycle Dir - look around, f - activate You conjure some foxfire!
The ice beast hits you. The ice beast freezes you. You resist.
* * * LOW HITPOINT WARNING * * *
The foxfire hits the ice beast!
The ice beast melts!
Flame seeps out of the ice beast.
The ice beast is heavily wounded.
The foxfire hits the ice beast but does no damage.
The ice beast is heavily wounded.
The ice beast is engulfed in blazing flames.
Vehumet accepts your kill.
The ice beast explodes!
The fiery explosion engulfs you!!
Ouch! That really hurt!
You die...

.⌠.#.⌠.#.⌠.# ########........####
#.#.#.#.#.## #≈≈.≈≈#...## #
.#.⌠.#.⌠.#.########≈#'#≈#.#.##
#.#.#.#.#.##......#≈#_#≈..#..####
.⌠.#...#.⌠.#.......≈#'#≈.........
#.#.⌠.⌠.#.##.......≈≈.≈≈######...
##..._...###.......#...## ###.
##.⌠.⌠.###.......##.### #.
####### #....§@§#..# ##
#....§§○#.########
#......§§........##
#############.............
#..........##.##.#.##.###.
#.....>.......##.#.# #
#......(....#.##....
#..........##.##.#)#.
#......[.........#....


There were no monsters in sight!

Vanquished Creatures
  An ice beast (D:5)
  2 lemures
  A water moccasin skeleton (D:5)
  2 vampire bats (D:5)
  2 jellies (D:4)
  5 hounds
  3 iguanas
  An orc wizard (D:5)
  A howler monkey skeleton (D:4)
  4 adders
  An adder skeleton (D:4)
  3 worms (D:2)
  4 orcs
  7 ball pythons
  2 bat skeletons (D:5)
  3 bat zombies (D:5)
  3 endoplasms
  2 giant cockroaches
  3 goblins
  5 hobgoblins
  6 jackals
  4 quokkas
  3 bats
  6 frilled lizards
  5 kobolds
  4 rats
83 creatures vanquished.

Vanquished Creatures (others)
  236 foxfires
236 creatures vanquished.

Grand Total: 319 creatures vanquished

Notes
Turn   | Place    | Note
-------+----------+-------------------------------------------
     0 | D:1      | CuBeRJAN3 the Gargoyle Fire Elementalist began the quest
                  | for the Orb.
     0 | D:1      | Reached XP level 1. HP: 10/10 MP: 3/3
   211 | D:1      | Reached XP level 2. HP: 16/16 MP: 0/5
   878 | D:2      | Reached skill level 1 in Fighting
   985 | D:2      | Reached XP level 3. HP: 20/20 MP: 3/6
  1155 | D:2      | Noticed a phantom
  1278 | D:2      | Learned a level 3 spell: Conjure Flame
  2262 | D:3      | Found an opulent altar of Gozag.
  2438 | D:3      | Noticed Sigmund
  2772 | D:3      | Reached XP level 4. HP: 24/25 MP: 5/7
  2788 | D:3      | Learned a level 3 spell: Inner Flame
  3031 | D:4      | Reached skill level 1 in Axes
  3031 | D:4      | Reached skill level 1 in Translocations
  3031 | D:4      | Reached XP level 5. HP: 30/30 MP: 1/9
  3045 | D:4      | Reached skill level 1 in Hexes
  3341 | D:4      | Noticed an ogre
  3824 | D:4      | Reached XP level 6. HP: 32/36 MP: 7/10
  3849 | D:4      | Learned a level 4 spell: Sticky Flame
  4718 | D:5      | Entered Level 5 of the Dungeon
  4730 | D:5      | Found a radiant altar of Vehumet.
  4738 | D:5      | Became a worshipper of Vehumet
  5259 | D:5      | Found a snail-covered altar of Cheibriados.
  5301 | D:5      | Noticed an ice beast
  5512 | D:5      | Found an ancient bone altar of Kikubaaqudgha.
  5525 | D:5      | Reached XP level 7. HP: 41/41 MP: 6/12
  5595 | D:5      | Found a runed translucent door.
  5596 | D:5      | Noticed jeko's ghost (amateur HOMo)
  5820 | D:5      | Noticed Pikel
  6199 | D:5      | Killed by an exploding ice beast... ignited by their inner
                  | flame

Illustrated notes

Levels and vault maps discovered:
D:1:      dpeg_arrival_line_fractal, layout_rooms
D:2:      layout_basic
D:3:      layout_rooms, nicolae_gozag_cash_rules_everything_around_me,
          solitary_fountain, minmay_liquid_box, hangedman_decor_lopped,
          uniq_sigmund
D:4:      layout_loops_ring, grunt_ministairs_1
D:5:      layout_rooms, kennysheep_mini_moat, kennysheep_vampire_church,
          nicolae_vehumet_radiance, mainiacjoe_overflow_alcove_3,
          ebering_ghost_reflecting_pool, minmay_diced_spiral, uniq_pikel

Skill      XL: |  1  2  3  4  5  6 |
---------------+-------------------+-----
Fighting       | 1 2 3 |  3.5
Conjurations   | 2 |  2.9
Axes           | 1 |  1.7
Translocations | 1 |  1.8
Hexes          | 1 |  1.9
Spellcasting   | 3 |  3.7
Stealth        | 3 |  3.0
Dodging        | |  1.5
Fire Magic     | |  3.8

Action                   |  1- 3 |  4- 6 |  7- 9 || total
-------------------------+-------+-------+-------++-------
Melee: Unarmed           |    27 |       |       ||    27
       Hand axe          |    41 |   106 |    30 ||   177
 Cast: Foxfire           |    58 |    64 |    13 ||   135
       Inner Flame       |       |       |     3 ||     3
       Conjure Flame     |       |       |     1 ||     1
       Sticky Flame      |       |       |     1 ||     1
  Use: Scroll            |     1 |     1 |       ||     2
 Stab: Sleeping          |       |     1 |       ||     1
Armor: Robe              |    43 |    70 |    11 ||   124
Dodge: Dodged            |    52 |   103 |    20 ||   175
